Map: Void Launch

Players

Oneone

  • Race: Terran Terran
  • Spawn Location: 6:00

NamroodTuo

  • Race: Zerg Zerg

VOD

Have the link to the VOD?

Description

Time

  • Played on: April 23, 2023, 2:04 p.m.
  • Length: 24:47
Show
View Real Time Build Order
Export as new Build Order

Oneone Terran 

Build Orders:  

Get SALT Encoding   

  12  0:06  SCV  
  13  0:20  SCV  
  13  0:28  Supply Depot  
  14  0:34  SCV  
  15  0:58  SCV  
  15  0:59  Factory  
  16  1:11  SCV, Refinery  
  17  1:25  SCV  
  18  1:30  Refinery  
  18  1:38  SCV  
  19  1:52  SCV  
  19  1:55  Engineering Bay  
  20  2:06  SCV  
  21  2:12  Factory Tech Reactor  
  21  2:19  SCV  
  22  2:33  SCV  
  22  2:39  Devastation Turret  
  23  3:00  Supply Depot  
  23  3:24  Hellbat  
  23  3:28  Hellbat  
  22  3:30  SCV  
  23  3:33  Starport  
  28  3:43  SCV  
  29  3:57  SCV  
  26  4:10  SCV  
  27  4:24  SCV  
  27  4:27  Starport Tech Reactor  
  28  4:31  Starport  
  28  4:43  SCV  
  29  4:57  SCV  
  30  5:23  Starport  
  30  5:32  Supply Depot  
  30  5:57  Starport  
  30  6:06  Command Center  
  30  6:14  Starport Tech Reactor  
  30  6:16  Starport Tech Reactor  
  30  6:17  Wraith  
  32  6:22  Wraith  
  34  6:48  Starport Tech Reactor  
  34  6:52  Wraith  
  34  6:57  Science Vessel  
  38  7:04  Pulse Amplifier  
  38  7:05  Improved Nano-Repair  
  38  7:46  Wraith  
  40  7:50  Wraith  
  40  7:51  Science Vessel  
  40  7:52  Wraith  
  46  8:08  Wraith  
  46  8:28  Science Vessel  
  43  8:31  SCV  
  43  8:35  SCV  
  45  8:45  SCV  
  45  8:48  SCV  
  47  8:53  Wraith  
  47  8:58  SCV  
  50  9:02  SCV  
  50  9:06  Armory  
  51  9:12  SCV  
  51  9:15  SCV  
  53  9:25  SCV  
  54  9:33  Refinery  
  54  9:36  Refinery  
  54  10:14  Wraith  
  54  10:18  Supply Depot  
  54  10:44  SCV  
  54  10:48  Wraith x2  
  58  10:50  Supply Depot  
  58  10:57  SCV  
  58  10:59  Wraith  
  58  11:00  Wraith x2  
  62  11:20  SCV, Wraith x3  
  62  11:24  Supply Depot  
  69  11:33  SCV  
  70  11:42  Armory  
  70  11:53  Terran Vehicle and Ship Weapons Level 1  
  70  11:54  SCV  
  70  11:55  Supply Depot  
  70  11:59  SCV  
  72  12:07  SCV  
  73  12:13  SCV  
  73  12:14  Science Vessel  
  73  12:15  Science Vessel  
  78  12:24  SCV  
  78  12:27  Supply Depot  
  79  12:38  SCV  
  80  12:52  SCV, Regenerative Bio-Steel  
  81  13:01  Wraith x2  
  81  13:02  Supply Depot  
  81  13:05  SCV  
  86  13:20  Upgrade Laser Drill Level 1  
  86  13:26  SCV  
  86  13:27  Supply Depot  
  87  13:39  SCV  
  87  13:48  Wraith x3  
  94  13:57  Supply Depot  
  94  14:03  Wraith x2  
  96  14:22  Terran Vehicle And Ship Armor Level 1  
  96  14:32  Devastation Turret  
  96  14:33  Advanced Optics  
  96  14:34  Wraith x4  
  104  14:55  Supply Depot  
  104  15:02  Perdition Turret  
  104  15:09  Wraith  
  106  15:24  Wraith  
  106  15:27  Spinning Dizzy, Supply Depot  
  106  15:29  Wraith  
  110  15:42  Science Vessel  
  110  15:44  Wraith  
  114  15:58  Supply Depot  
  114  16:01  Supply Depot  
  114  16:05  Science Vessel  
  114  16:06  Wraith  
  118  16:22  Wraith x2  
  122  16:30  Supply Depot  
  122  16:32  Supply Depot  
  122  16:33  Terran Vehicle and Ship Weapons Level 2  
  122  16:55  Upgrade Laser Drill Level 2  
  122  16:58  Wraith x3  
  120  17:18  Wraith  
  120  17:19  Wraith x2  
  126  17:32  Supply Depot  
  126  17:41  Terran Vehicle And Ship Armor Level 2  
  126  17:55  Supply Depot  
  126  17:56  Wraith  
  126  17:58  Wraith  
  130  18:04  Wraith  
  132  18:10  Hi-Sec Auto Tracking  
  132  18:18  Supply Depot  
  132  18:32  Wraith  
  132  18:33  Wraith  
  132  18:34  Wraith  
  138  19:10  Structure Armor  
  138  19:24  Wraith  
  138  19:25  Wraith x6  
  152  19:39  Wraith  
  152  20:04  Wraith  
  152  20:05  Wraith  
  156  20:12  Wraith  
  156  20:13  Wraith x2  
  162  20:23  Supply Depot  
  162  20:26  Supply Depot  
  160  21:05  Spinning Dizzy  
  160  21:25  Wraith  
  160  21:26  Wraith x2  
  160  21:28  Wraith  
  168  21:37  Spinning Dizzy  
  168  21:56  Spinning Dizzy  
  168  22:10  Spinning Dizzy  
  168  22:12  Spinning Dizzy  
  168  22:19  Wraith x2  
  172  22:24  Wraith  
  172  22:29  Spinning Dizzy  
  174  22:31  Spinning Dizzy  
  174  22:51  Spinning Dizzy  
  174  22:52  Spinning Dizzy  
  174  23:12  Spinning Dizzy x2  
  174  23:16  Wraith  
  174  23:17  Wraith x4  
  184  23:31  Spinning Dizzy  
  184  23:32  Spinning Dizzy  
  184  23:53  Spinning Dizzy  
  184  23:54  Spinning Dizzy  
  178  24:05  Wraith  
  178  24:06  Wraith x6  
Show
View Real Time Build Order
Export as new Build Order

NamroodTuo Zerg 

Build Orders:  

Get SALT Encoding   

  12  0:21  Infested Barracks  
  12  0:35  Infested SCV  
  13  0:46  Infested SCV  
  13  0:47  Infested SCV  
  15  0:52  Overlord  
  15  1:08  Overlord  
  15  1:29  Infestation Level 1  
  15  1:35  Infested SCV  
  16  1:41  Infested SCV  
  17  1:55  Infested Refinery  
  17  2:00  Infested SCV  
  18  2:17  Infested SCV  
  19  2:20  Infested Engineering Bay, Infested SCV  
  20  2:34  Infested Marine  
  20  2:35  Infested Marine x4  
  20  2:36  Infested Marine x3  
  28  2:54  Infested Refinery  
  28  2:58  Infested SCV  
  28  2:59  Infested SCV  
  30  3:49  Infested Marine  
  31  4:04  Overlord  
  31  4:05  Overlord x3  
  22  4:32  Infestation Level 2  
  22  4:36  Infested Barracks Tech Lab  
  22  4:42  Infested Factory, Infested SCV x2  
  22  4:43  Infested SCV  
  25  5:14  Infested Barracks  
  25  5:46  Retinal Augmentation  
  25  5:55  Infested Command Center  
  25  6:09  Stukov Infantry Weapons Level 1  
  25  6:14  Infested SCV  
  25  6:16  Infested SCV  
  27  6:23  Infested SCV  
  28  6:46  Plagued Munitions  
  28  7:22  Infested Bunker  
  32  7:46  Infested Marine  
  32  7:47  Infested Marine x16  
  32  7:48  Infested Marine x22  
  71  8:52  Stukov Infantry Weapons Level 2  
  71  9:12  Anaerobic Enhancement  
  71  9:14  Infested SCV  
  71  9:15  Infested SCV x2  
  74  9:28  Infested Bunker  
  61  9:43  Infested Factory Tech Lab  
  39  9:50  Infested SCV x3  
  39  9:51  Infested SCV  
  39  9:52  Overseer x2  
  39  9:53  Overseer x3  
  43  10:13  Saturated Cultures  
  43  10:24  Infested Marine x5  
  43  10:25  Infested Marine x12  
  60  10:48  Infested SCV x4  
  60  10:49  Infested SCV  
  65  11:02  Infested Marine  
  65  11:03  Infested Marine x7  
  65  11:04  Infested Marine x5  
  75  11:53  Infested SCV x2  
  75  11:54  Overlord, Infested SCV  
  75  11:59  Overlord x3  
  78  12:00  Overlord x2  
  78  12:02  Stukov Infantry Armor Level 1  
  63  12:21  Broodling Gestation  
  63  12:29  Infested SCV  
  64  12:42  Infested Armory  
  64  12:54  Infested SCV  
  64  12:55  Infested SCV x2  
  54  13:00  Infested Refinery  
  54  13:09  Infested SCV  
  63  13:36  Infested Bunker  
  63  13:47  Infested Marine x5  
  63  13:48  Infested Marine x21  
  63  13:49  Infested Marine x14  
  103  14:05  Infested Marine  
  103  14:06  Infested Marine x5  
  103  14:07  Infested Marine  
  110  14:25  Infested Bunker  
  110  14:27  Infested Marine  
  110  14:28  Infested Marine x8  
  118  14:42  Regenerative Plating  
  126  14:53  Infested Bunker  
  126  14:57  Infested SCV  
  126  14:58  Infested SCV x2  
  125  15:07  Overlord  
  125  15:08  Overlord x4  
  125  15:09  Overlord  
  92  15:10  Aggressive Incubation  
  124  15:43  Infested Bunker  
  83  16:10  Unknown  
  82  16:28  Infested Marine  
  82  16:29  Infested Marine x15  
  90  16:30  Infested Marine x22  
  90  16:31  Infested Marine x2  
  113  17:35  Infested Bunker  
  129  17:44  Stukov Infantry Armor Level 2  
  129  17:46  Infested Bunker  
  129  17:48  Stukov Vehicle and Ship Armor Level 1  
  129  18:21  Infestation Level 3  
  129  18:27  Infested Bunker  
  89  18:36  Infested Bunker  
  89  18:40  Infested Colonist Compound  
  89  18:56  Infested Marine x9  
  89  18:57  Infested Marine x20  
  89  18:58  Infested Marine x11  
  137  20:00  Infested Bunker  
  133  20:20  Infested Marine  
  133  20:21  Infested Marine x10  
  133  20:28  Stukov Vehicle and Ship Weapons Level 1  
  115  20:50  Infested Bunker  
  115  20:54  Infested Marine, Stukov Infantry Weapons Level 3  
  115  20:55  Infested Marine x13  
  115  20:56  Infested Marine x19  
  141  21:04  Infested Diamondback x2  
  141  21:05  Infested Diamondback x3  
  141  21:08  Overlord x4  
  141  21:09  Overlord  
  145  22:21  Infested Marine  
  145  22:22  Infested Marine x15  
  169  22:33  Infested Bunker  
  177  22:46  Infested Bunker  
  144  22:50  Infested Diamondback x2  
  150  23:09  Infested Marine x3  
  153  23:10  Infested Marine x12  
  165  23:24  Infested Bunker  
  165  23:38  Infested Bunker  
  165  23:44  Infested Marine  
  165  23:45  Infested Marine x16  
  165  23:46  Infested Marine x11  
  193  23:57  Infested Marine  
  193  23:58  Infested Marine x3  
  191  24:08  Infested Marine x4  
Tags
 
Commander
StukovSwann
Matchup
Co-op
Replay Pack
Multiplayer
Add a new tag
Caveats
  • Supply blocks, unpowered buildings, or Contaminate may cause inaccurate times.
  • Supply counts are checked every 10 seconds.